 Dungeon Crawl Stone Soup version 0.20-a0-296-gf222164 (webtiles) character file.

2729 shenanigans the Chopper (level 9, -2/69 HPs)
             Began as a Human Skald on Dec 14, 2016.
             Was a Follower of Cheibriados.
             Killed by divine providence
             ... invoked by an orc priest
              (10 damage)
             ... on level 8 of the Dungeon.
             The game lasted 00:20:10 (8914 turns).

shenanigans the Chopper (Human Skald)               Turns: 8914, Time: 00:20:11

Health: -2/69      AC:  9    Str: 17    XL:     9   Next: 99%
Magic:  12/12      EV:  8    Int: 16    God:    Cheibriados [*.....]
Gold:   333        SH: 13    Dex: 17    Spells: 11/12 levels left

rFire  + . .     SeeInvis .     B - +3 whip (venom)
rCold  . . .     Gourm    .     G - +0 chain mail "Fupeoduz" {rF+ MR+ Stlth+} (curse)
rNeg   . . .     Faith    .     F - +1 shield
rPois  .         Spirit   .     p - -2 helmet (curse)
rElec  .         Reflect  +     H - -2 cloak (curse)
rCorr  .         Harm     .     (no gloves)
MR     ++...                    l - +0 pair of boots
Stlth  ..........               A - +2 amulet of reflection
                                (no ring)
                                e - ring of protection from magic

@: very slightly contaminated, very slow
A: no striking features
a: Bend Time, Renounce Religion


You were on level 8 of the Dungeon.
You worshipped Cheibriados.
Cheibriados was aware of your devotion.
You were hungry.

You visited 2 branches of the dungeon, and saw 9 of its levels.

You collected 333 gold pieces.

Inventory:

Hand Weapons
 a - a +0 hand axe
 y - a +3 halberd
 B - a +3 whip of venom (weapon)
Armour
 l - a +0 pair of boots (worn)
 p - a cursed -2 helmet (worn)
 F - a +1 shield (worn)
 G - the cursed +0 chain mail "Fupeoduz" (worn) {rF+ MR+ Stlth+}
   (You found it on level 5 of the Dungeon)

   It protects you from fire.
   It affects your resistance to hostile enchantments.
   It makes you more stealthy.
   It has a curse placed upon it.
 H - a cursed -2 cloak (worn)
Jewellery
 e - a ring of protection from magic (left hand)
 g - an uncursed ring of protection from magic
 A - a +2 amulet of reflection (around neck)
Scrolls
 h - a scroll of fog {unknown}
 o - 3 scrolls of recharging
 r - 2 scrolls of teleportation {unknown}
 s - 2 scrolls of amnesia {unknown}
 t - 3 scrolls of random uselessness {unknown}
 u - 3 scrolls of enchant armour
 w - a scroll of noise {unknown}
 x - a scroll of enchant weapon {unknown}
 z - a scroll of remove curse {unknown}
 E - a scroll of immolation {unknown}
 J - a scroll of fear {unknown}
Potions
 m - 3 potions of brilliance
 D - a potion of berserk rage
Books
 c - a book of Battle

   Spells                             Type                      Level
   a - Infusion                       Charms                       1
   b - Shroud of Golubria             Charms/Translocation         2
   c - Song of Slaying                Charms                       2
   d - Spectral Weapon                Hexes/Charms                 3
   e - Regeneration                   Charms/Necromancy            3
 q - a book of Misfortune

   Spells                             Type                      Level
   a - Confusing Touch                Hexes                        1
   b - Confuse                        Hexes                        3
   c - Gell's Gravitas                Hexes/Translocation          3
   d - Petrify                        Transmutation/Earth          4
   e - Metabolic Englaciation         Hexes/Ice                    5
   f - Yara's Violent Unravelling     Hexes/Transmutation          5
 I - a book of Maledictions

   Spells                             Type                      Level
   a - Corona                         Hexes                        1
   b - Ensorcelled Hibernation        Hexes/Ice                    2
   c - Confuse                        Hexes                        3
   d - Tukima's Dance                 Hexes                        3
   e - Dazzling Spray                 Conjuration/Hexes            3
Comestibles
 b - a royal jelly
 d - 8 bread rations
 f - 3 meat rations
 k - 3 fruits
 n - a chunk of flesh
 C - 3 slices of pizza


   Skills:
 + Level 5.9 Fighting
 + Level 6.0 Axes
 + Level 5.9 Armour
 + Level 5.9 Dodging
 * Level 4.9 Shields
 - Level 2.0 Spellcasting
 - Level 3.0 Charms
 + Level 2.5 Invocations


You had 11 spell levels left.
You knew the following spells:

 Your Spells              Type           Power        Failure   Level  Hunger
a - Infusion              Chrm           ##..         100%        1    #......


Dungeon Overview and Level Annotations

Branches:
Dungeon (8/15)             Temple (1/1) D:6
   Lair: D:8-11

Altars:
Ashenzari
Cheibriados
Dithmenos
Elyvilon
Fedhas
Gozag
Hepliaklqana
Kikubaaqudgha
Makhleb
Nemelex Xobeh
Okawaru
Qazlal
Ru
Sif Muna
Trog
Uskayaw
Vehumet
Xom
Yredelemnul
Zin
The Shining One

Shops:
D:4 [


Message History

The phantom blinks!
The centaur hits you with a shortbow.
You bump into the rock wall.
The centaur hits you but does no damage.
The orc priest calls down the wrath of Beogh upon you.
Beogh smites you!
* * * LOW HITPOINT WARNING * * *
You bump into the rock wall.
You feel less invigorated.
You feel less confused. The centaur barely misses you.
The centaur hits you with a shortbow.
* * * LOW HITPOINT WARNING * * *
You hit the centaur.
You kill the centaur!
Cheibriados thoroughly appreciates the change of pace.
Your Axes skill increases to level 6!
The orc priest calls down the wrath of Beogh upon you.
Beogh smites you!
* * * LOW HITPOINT WARNING * * *
The orc priest invokes the aid of Beogh against you.
Beogh smites you!
You die...

## .### ##
... ..
?.#.## #
o....
#.#####W.#
#...)<@o.#
########!#
.. ##


You could see a phantom, an orc priest and an orc.

Vanquished Creatures
  A hornet (D:7)
  Menkaure (D:5)
  A black bear (D:7)
  3 ice beasts
  3 ogres
  3 centaurs
  A phantom (D:5)
  3 bullfrogs
  7 howler monkeys
  4 crimson imps
  A quasit (D:7)
  5 hounds
  A jelly (D:6)
  Crazy Yiuf (D:6)
  An orc priest (D:3)
  2 orc wizards (D:6)
  Ijyb (D:2)
  5 worker ants
  A hound skeleton (D:6)
  A hound zombie (D:6)
  3 gnolls
  8 river rats (D:5)
  11 adders
  A shadow imp (D:5)
  An adder skeleton (D:7)
  2 worms
  5 dart slugs
  5 leopard geckos
  16 orcs
  4 bats
  6 giant cockroaches
  9 goblins
  8 hobgoblins
  4 jackals (D:1)
  5 kobolds
  8 quokkas
  A ball python zombie (D:5)
  4 frilled lizards
  2 jackal skeletons
  2 leopard gecko zombies (D:7)
  22 rats
173 creatures vanquished.

Vanquished Creatures (others)
  An orc wizard (D:8)
  2 plants (D:4)
3 creatures vanquished.

Grand Total: 176 creatures vanquished

Notes
Turn   | Place    | Note
-------+----------+-------------------------------------------
     0 | D:1      | shenanigans the Human Skald began the quest for the Orb.
     0 | D:1      | Reached XP level 1. HP: 16/16 MP: 3/3
   128 | D:1      | Reached XP level 2. HP: 14/22 MP: 5/5
   655 | D:1      | Reached XP level 3. HP: 27/27 MP: 6/6
   896 | D:2      | Noticed Ijyb
   936 | D:2      | Killed Ijyb
   936 | D:2      | Reached XP level 4. HP: 16/34 MP: 7/7
  1909 | D:2      | Found a stormy altar of Qazlal.
  2180 | D:2      | Reached XP level 5. HP: 35/39 MP: 8/8
  2515 | D:3      | Reached skill level 3 in Axes
  3496 | D:4      | Reached XP level 6. HP: 41/47 MP: 9/9
  4338 | D:4      | Found Gychotzi's Antique Armour Shop.
  4355 | D:4      | Noticed an ogre
  4641 | D:4      | Killed an ogre
  4641 | D:4      | Reached XP level 7. HP: 32/53 MP: 10/10
  4797 | D:5      | Entered Level 5 of the Dungeon
  5080 | D:5      | Reached skill level 4 in Axes
  5505 | D:5      | Found a shattered altar of Ashenzari.
  5534 | D:5      | Reached XP level 8. HP: 39/60 MP: 11/11
  5717 | D:5      | Got an aquamarine-encrusted chain mail
  5728 | D:5      | Identified the cursed +0 chain mail "Fupeoduz" {rF+ MR+ Stlth+} (You found it on level 5 of the Dungeon)
  5747 | D:5      | Noticed Menkaure
  5755 | D:5      | Killed Menkaure
  6175 | D:5      | Reached skill level 1 in Shields
  6260 | D:5      | Reached skill level 5 in Axes
  6260 | D:5      | Reached skill level 5 in Armour
  6320 | D:6      | Reached skill level 5 in Fighting
  6676 | D:6      | Reached XP level 9. HP: 52/68 MP: 12/12
  6710 | D:6      | Reached skill level 5 in Dodging
  6849 | D:6      | Found a staircase to the Ecumenical Temple.
  6871 | Temple   | Entered the Ecumenical Temple
  7004 | Temple   | Became a worshipper of Cheibriados the Contemplative
  7687 | D:6      | Reached * piety under Cheibriados
  7723 | D:6      | Reached skill level 1 in Invocations
  7860 | D:6      | Found a runed door.
  7864 | D:6      | Noticed Crazy Yiuf
  7870 | D:6      | Killed Crazy Yiuf
  8189 | D:7      | Noticed a hornet
  8192 | D:7      | Paralysed by a hornet for 2 turns
  8198 | D:7      | Killed a hornet
  8913 | D:8      | Reached skill level 6 in Axes
  8914 | D:8      | Killed from afar by an orc priest

Vault maps used:
D:1:      minmay_arrival_three_doors
D:2:      nicolae_qazlal_eye_of_the_storm, uniq_iyjb
D:3:      kennysheep_generic_room_11
D:4:      wad_lake_hut, serial_shops, shop, first_bread
D:5:      lemuel_ratsnest, nicolae_ossuary_entry_monument, basic_altar,
          uniq_menkaure
D:6:      wad_floor_pattern_untrapped, minmay_misc_feat_hallway,
          uniq_crazy_yiuf_cottage
Temple:   regret_index_temple_chain_breaker

Skill      XL: |  1  2  3  4  5  6  7  8  9 |
---------------+----------------------------+-----
Armour         | 2 3 4 5 |  5.9
Dodging        | 2 3 4 5 |  5.9
Fighting       | 3 4 5 |  5.9
Axes           | 3 4 5 6 |  6.0
Shields        | 2 4 |  4.9
Invocations    | 2 |  2.5
Spellcasting   | |  2.0
Charms         | |  3.0

Action                   |  1- 3 |  4- 6 |  7- 9 || total
-------------------------+-------+-------+-------++-------
Melee: Hand axe          |   112 |   341 |       ||   453
       Halberd           |       |    30 |     4 ||    34
       Whip              |       |     9 |   521 ||   530
 Cast: Infusion          |       |     1 |       ||     1
  Use: Potion            |     1 |     1 |     7 ||     9
       Scroll            |       |       |     9 ||     9
  Eat: Chunk             |       |    12 |    11 ||    23
       Fruit             |       |       |     2 ||     2
Armor: Leather armour    |    29 |     6 |       ||    35
       Skin              |     5 |    19 |       ||    24
       Chain mail        |       |   220 |   232 ||   452
Dodge: Dodged            |    66 |   136 |   129 ||   331
Block: Other             |       |     3 |     9 ||    12
       Shield            |       |       |   177 ||   177
